Map: Ujari

Players

HYP

  • Race: Terran Terran
  • Spawn Location: 0:00

RoNiGe

  • Race: Protoss Protoss
  • Spawn Location: 3:00

Sharif

  • Race: Zerg Zerg
  • Spawn Location: 3:00

Metasapien

  • Race: Zerg Zerg
  • League: Platinum
  • Spawn Location: 9:00

spectreknigh

  • Race: Zerg Zerg
  • Spawn Location: 9:00

Michael

  • Race: Terran Terran
  • Spawn Location: 0:00

VOD

Have the link to the VOD?

Description

Time

  • Played on: Sept. 24, 2017, 12:29 p.m.
  • Length: 8:05
Show
View Real Time Build Order
Export as new Build Order

HYP Terran 

Build Orders: Reaper Expand 

Get SALT Encoding   

  12  0:02  SCV  
  13  0:14  SCV  
  13  0:19  Supply Depot  
  14  0:26  SCV  
  15  0:44  Refinery, Barracks  
  15  0:45  SCV  
  16  0:57  SCV  
  16  1:02  Supply Depot  
  17  1:09  SCV  
  18  1:23  SCV  
  19  1:31  Reaper  
  20  1:35  Orbital Command  
  20  2:01  SCV  
  20  2:03  Command Center  
  20  2:04  Barracks Reactor  
  21  2:13  SCV  
  22  2:25  SCV  
  23  2:38  SCV  
  24  2:50  SCV  
  25  2:57  Marine x2  
  6  3:15  Marine x2  
  6  3:32  Marine  
  7  3:42  Marine  
  8  3:50  Marine  
  7  3:59  Marine  
  8  4:08  Marine  
  9  4:17  Marine  
  9  4:21  SCV  
  11  4:33  SCV  
  12  4:45  SCV  
  13  4:57  SCV  
  12  5:09  SCV  
  11  5:19  Marine  
  2  6:55  SCV x2  
  4  7:07  SCV x2  
  6  7:19  SCV x2  
  8  7:31  SCV x2  
  10  7:43  SCV  
  10  7:44  SCV  
Show
View Real Time Build Order
Export as new Build Order

RoNiGe Protoss 

Build Orders: Dark Templar Rush 

Get SALT Encoding   

  12  0:01  Probe (Chrono Boost)  
  13  0:12  Probe (Chrono Boost)  
  14  0:19  Pylon  
  14  0:27  Assimilator  
  14  0:29  Probe (Chrono Boost)  
  15  0:40  Probe (Chrono Boost)  
  16  0:45  Gateway  
  16  0:53  Assimilator  
  16  0:55  Probe (Chrono Boost)  
  17  1:06  Probe (Chrono Boost)  
  18  1:16  Probe (Chrono Boost)  
  19  1:27  Probe (Chrono Boost)  
  19  1:32  Cybernetics Core  
  20  1:35  Pylon  
  20  1:37  Probe (Chrono Boost)  
  21  1:48  Probe (Chrono Boost)  
  22  2:09  Twilight Council  
  22  2:10  Warp Gate (Chrono Boost)  
  22  2:12  Mothership Core (Chrono Boost)  
  22  2:14  Gateway  
  24  2:23  Gateway  
  24  2:38  Gateway  
  24  2:47  Dark Shrine  
  24  2:53  Pylon  
  24  3:48  Forge  
  24  3:56  Pylon  
  24  4:03  Dark Templar x4  
  32  4:31  Nexus  
  28  4:59  Dark Templar x4  
  36  6:07  Probe  
  36  6:09  Probe  
  38  6:18  Probe  
  38  6:21  Probe  
  40  6:28  Probe  
  41  6:33  Probe  
  41  6:39  Probe  
  42  6:45  Probe  
  44  6:49  Probe  
  41  6:57  Probe  
  36  7:10  Probe  
  36  7:12  Probe  
  36  7:18  Pylon  
  36  7:20  Assimilator  
  36  7:21  Probe, Dark Templar x3  
  36  7:22  Dark Templar  
  45  7:24  Probe  
  45  7:25  Assimilator  
  45  7:27  Photon Cannon  
  46  7:31  Probe  
  46  7:33  Gateway, Photon Cannon  
  46  7:36  Probe  
  48  7:39  Gateway  
  48  7:41  Gateway  
  48  7:42  Probe  
  48  7:43  Gateway, Photon Cannon  
  49  7:46  Photon Cannon  
  49  7:48  Probe  
  49  7:49  Photon Cannon  
  50  7:52  Probe, Pylon  
  50  7:59  Dark Templar x4  
Show
View Real Time Build Order
Export as new Build Order

Sharif Zerg 

Build Orders: 3 Hatch before Pool 

Get SALT Encoding   

  12  0:07  Drone  
  12  0:10  Drone  
  14  0:18  Overlord  
  14  1:04  Hatchery  
  14  1:06  Drone  
  14  1:07  Drone x2  
  16  1:24  Drone  
  17  1:32  Hatchery  
  16  1:36  Drone  
  17  1:42  Extractor  
  17  1:45  Spawning Pool  
  15  1:49  Extractor  
  15  1:50  Drone  
  15  1:53  Drone  
  16  2:08  Drone  
  17  2:16  Drone  
  18  2:24  Drone  
  18  2:27  Drone  
  18  2:28  Drone  
  21  2:37  Drone  
  22  2:40  Drone  
  22  2:43  Queen  
  25  2:55  Metabolic Boost  
  26  3:05  Zergling x4  
  26  3:06  Zergling x10  
  32  3:29  Queen  
  34  3:51  Overlord  
  34  3:52  Overlord x2  
  34  4:09  Queen  
  36  4:45  Queen  
  36  5:14  Zergling x20  
  34  5:15  Zergling x22  
  45  5:50  Spore Crawler  
  45  5:54  Spine Crawler  
  43  6:06  Queen  
  31  6:43  Zergling x2  
  31  6:44  Zergling x24  
  39  7:12  Drone  
  39  7:13  Drone  
  41  7:24  Drone x5  
  41  7:27  Drone x3  
  41  7:28  Drone  
  48  7:52  Drone  
  48  7:53  Drone x2  
Show
View Real Time Build Order
Export as new Build Order

Metasapien Zerg 

Build Orders: Pool First 

Get SALT Encoding   

  12  0:21  Spawning Pool  
  11  0:27  Overlord  
  11  0:35  Drone  
  12  0:37  Drone  
  13  0:43  Extractor  
  13  0:44  Drone  
  13  0:52  Drone  
  14  1:01  Drone  
  15  1:22  Hatchery  
  14  1:34  Drone x3  
  17  1:45  Drone  
  18  1:58  Drone  
  19  2:07  Drone  
  20  2:12  Hatchery  
  19  2:20  Overlord  
  19  2:31  Queen  
  19  2:36  Zergling x2  
  21  2:58  Zergling x2  
  21  2:59  Zergling x2  
  22  3:06  Spine Crawler  
  19  3:24  Drone x3  
  19  3:26  Drone x2  
  24  3:36  Drone x3  
  27  3:49  Drone  
  27  3:55  Metabolic Boost  
  29  4:02  Drone  
  29  4:03  Drone  
  29  4:04  Drone  
  29  4:05  Drone x2  
  29  4:06  Drone  
  35  4:10  Zergling x2  
  35  4:11  Zergling x2  
  34  4:19  Spine Crawler  
  34  4:23  Zergling x4  
  35  4:33  Zergling x4  
  35  4:34  Overlord  
  37  4:39  Queen  
  37  4:44  Queen  
  39  4:54  Drone x2  
  39  5:04  Zergling x6  
  37  5:19  Lair  
  35  5:22  Spore Crawler  
  35  5:24  Spine Crawler  
  35  5:25  Zergling x12  
  36  5:30  Zergling x2  
  36  5:31  Zergling x2  
  36  5:48  Zergling x2  
  35  5:57  Drone x2, Spore Crawler  
  35  6:03  Spore Crawler  
  35  6:16  Zergling x2  
  35  6:17  Zergling x2  
  36  6:20  Overlord x2  
  16  6:42  Zergling x2  
  16  6:43  Zergling x22  
  13  7:10  Drone  
  13  7:11  Drone  
  13  7:12  Drone x2  
  16  7:19  Drone  
  17  7:27  Drone  
  13  7:37  Zergling x2  
  13  7:38  Zergling x2  
  13  7:43  Drone  
  17  7:44  Drone  
Show
View Real Time Build Order
Export as new Build Order

spectreknigh Zerg 

Build Orders: Pool First 

Get SALT Encoding   

  12  0:02  Drone  
  13  0:14  Drone  
  13  0:18  Overlord  
  14  0:33  Drone, Extractor  
  14  0:45  Spawning Pool  
  14  0:49  Drone x2  
  15  0:55  Extractor  
  14  0:59  Drone  
  15  1:09  Drone  
  16  1:18  Drone  
  17  1:33  Metabolic Boost  
  17  1:35  Zergling x4  
  19  1:43  Zergling x2  
  20  2:00  Zergling x2  
  21  2:05  Zergling x2  
  21  2:06  Hatchery  
  21  2:16  Spore Crawler, Zergling x2  
  21  2:27  Drone  
  21  2:29  Lair  
  22  2:44  Overlord  
  19  3:07  Zergling x4  
  19  3:25  Drone  
  19  3:26  Drone x2  
  22  3:35  Queen  
  22  3:37  Queen  
  26  3:47  Spine Crawler  
  25  4:00  Zergling x4  
  25  4:01  Zergling x2  
  25  4:07  Zergling x2  
  25  4:08  Zergling x2  
  27  4:18  Spine Crawler  
  26  4:28  Drone x2  
  26  4:29  Drone  
  22  4:48  Zergling x2  
  13  5:04  Zergling x2  
  12  6:01  Spawning Pool  
  11  6:33  Drone x6  
  17  6:56  Hatchery  
  16  7:13  Extractor  
  15  7:20  Extractor  
  15  7:22  Zergling x6  
  17  7:28  Zergling x2  
  18  7:35  Zergling x2  
  19  7:40  Drone x2  
Show
View Real Time Build Order
Export as new Build Order

Michael Terran 

Build Orders: 1/1/1 

Get SALT Encoding   

  12  0:01  SCV  
  13  0:14  SCV  
  13  0:19  Supply Depot  
  14  0:27  SCV  
  15  0:43  SCV, Barracks  
  15  0:47  Refinery  
  16  0:55  SCV  
  17  0:58  Refinery  
  17  1:07  SCV  
  18  1:19  SCV  
  19  1:31  SCV  
  20  1:34  Supply Depot  
  20  1:38  Barracks Tech Lab  
  20  1:43  Factory, SCV  
  21  1:59  Barracks  
  21  2:02  Stimpack  
  21  2:05  Marine  
  22  2:23  Marine  
  22  2:28  Starport  
  22  2:29  Factory Reactor  
  23  2:41  Marine  
  24  2:59  Marine x2  
  24  3:04  Orbital Command  
  26  3:17  Marine x2  
  28  3:27  Medivac  
  30  3:34  Marine  
  30  3:35  Supply Depot  
  31  3:56  Widow Mine, Marine  
  31  3:57  Medivac  
  31  3:59  Marine  
  37  4:03  Supply Depot  
  37  4:14  Marine  
  38  4:17  Marine  
  39  4:32  Marine  
  39  4:33  Command Center  
  40  4:51  Armory  
  40  4:59  Starport Tech Lab  
  31  5:49  Marine x2  
  32  5:56  Raven  
  34  6:07  Marine x2  
  32  6:25  Marine  
  24  6:49  Orbital Command  
  7  7:18  SCV  
  8  7:23  Barracks Tech Lab  
  8  7:27  Marine  
  9  7:30  SCV  
  10  7:42  Marine  
  10  7:43  SCV  
  12  7:45  Marine  
Tags
 
Add a new tag
Caveats
  • Supply blocks, unpowered buildings, or Contaminate may cause inaccurate times.
  • Supply counts are checked every 10 seconds.